Map: 해비테이션 스테이션 - 래더

Players

JJAKJI

  • Race: Terran Terran
  • Spawn Location: 1:00

INnoVation - Winner!

  • Race: Terran Terran
  • League: Master
  • Spawn Location: 11:00

VOD

Have the link to the VOD?

Description

Time

  • Played on: Nov. 26, 2016, 3:46 a.m.
  • Length: 17:05
Show
View Real Time Build Order
Export as new Build Order

JJAKJI Terran 

Build Orders:  

Get SALT Encoding   

  12  0:00  SCV  
  13  0:13  SCV  
  14  0:17  Supply Depot  
  14  0:25  SCV  
  14  0:27  Refinery  
  15  0:38  SCV  
  16  0:44  Barracks  
  16  0:50  SCV  
  16  0:54  Refinery  
  17  1:03  SCV  
  18  1:15  SCV  
  19  1:31  Orbital Command, Reaper  
  20  1:34  Factory  
  20  1:43  Supply Depot  
  20  1:57  SCV  
  21  2:03  Marine  
  22  2:09  SCV  
  23  2:21  Command Center, SCV  
  24  2:27  Hellion  
  26  2:31  Barracks Reactor  
  26  2:34  Starport  
  26  2:38  SCV  
  27  2:50  SCV  
  30  2:54  Supply Depot  
  31  3:03  SCV  
  31  3:15  SCV, Viking, Marine  
  31  3:17  Marine  
  31  3:19  Factory Tech Lab  
  34  3:27  SCV  
  34  3:33  Marine  
  35  3:34  Orbital Command  
  35  3:35  Marine  
  35  3:39  SCV  
  36  3:50  Factory Tech Lab  
  36  3:51  Raven, SCV  
  39  3:58  Engineering Bay  
  39  4:03  SCV x2  
  41  4:15  SCV  
  41  4:16  SCV  
  42  4:21  Marine x2  
  41  4:25  Missile Turret  
  41  4:28  SCV x2  
  40  4:40  SCV x2  
  40  4:44  Siege Tank  
  41  4:50  Viking  
  41  4:52  Viking, SCV x2  
  47  4:55  Marine  
  48  5:00  Supply Depot  
  48  5:04  SCV  
  48  5:06  Liberator  
  49  5:07  SCV  
  50  5:16  Siege Tank, SCV  
  50  5:19  Supply Depot  
  54  5:21  SCV  
  54  5:22  Marine  
  59  5:28  Supply Depot  
  59  5:29  SCV  
  59  5:34  SCV  
  61  5:40  Missile Turret  
  61  5:41  Viking  
  63  5:46  SCV  
  63  5:49  Supply Depot, SCV  
  65  5:55  Marine  
  65  5:56  Siege Tank  
  69  5:58  SCV  
  69  6:01  SCV  
  71  6:06  Supply Depot  
  71  6:08  Viking  
  71  6:10  SCV  
  74  6:14  SCV  
  75  6:22  Viking, SCV  
  77  6:28  SCV  
  77  6:30  Marine  
  77  6:34  SCV  
  77  6:36  Liberator  
  77  6:49  Command Center  
  77  6:50  Refinery, SCV x2  
  77  6:51  Refinery  
  77  6:52  Supply Depot  
  80  6:55  Marine  
  78  7:08  Viking  
  78  7:09  SCV  
  78  7:10  SCV  
  78  7:22  SCV x2  
  76  7:32  Refinery  
  76  7:34  Factory, SCV x2  
  76  7:36  Command Center  
  75  7:38  Refinery  
  72  7:49  Siege Tank, Viking x2  
  79  7:52  SCV x2  
  81  8:03  Orbital Command  
  81  8:04  SCV x2  
  81  8:05  Factory  
  83  8:16  SCV x2  
  85  8:20  Factory Reactor, Armory  
  85  8:25  Viking x2  
  91  8:28  SCV  
  91  8:29  SCV x2  
  91  8:34  Siege Tank  
  95  8:41  SCV x3  
  97  8:53  SCV x3  
  97  8:54  Siege Tank  
  98  8:56  Medivac  
  102  9:05  SCV x3  
  102  9:06  Siege Tank, Medivac  
  102  9:09  Missile Turret  
  110  9:10  Hellbat x2  
  110  9:11  Infernal Pre-Igniter  
  110  9:13  Missile Turret  
  112  9:19  Missile Turret  
  112  9:23  Missile Turret  
  115  9:24  Terran Vehicle Weapons Level 1  
  115  9:26  Factory  
  115  9:27  Supply Depot  
  115  9:29  Supply Depot  
  115  9:30  Orbital Command  
  115  9:32  Hellbat x2  
  115  9:35  Siege Tank  
  119  9:39  Siege Tank  
  122  9:53  Hellbat x2  
  126  10:01  Factory  
  126  10:03  Supply Depot  
  126  10:04  Supply Depot  
  125  10:07  Siege Tank  
  125  10:12  Factory Reactor  
  125  10:14  Siege Tank  
  130  10:15  Viking x2, Hellbat x2  
  138  10:27  Sensor Tower  
  138  10:36  Hellbat x2  
  138  10:39  Siege Tank  
  145  10:45  Viking x2  
  145  10:46  Siege Tank  
  145  10:47  Command Center  
  145  10:49  Hellbat  
  156  10:50  Hellbat  
  156  10:52  Command Center  
  156  10:57  Hellbat x2  
  156  10:58  Liberator, Factory Tech Lab  
  160  11:07  Supply Depot  
  160  11:08  Supply Depot  
  160  11:10  Supply Depot  
  160  11:15  Starport, Viking  
  164  11:21  Missile Turret  
  164  11:24  Terran Vehicle Weapons Level 2  
  164  11:29  Hellbat x4  
  172  11:33  Missile Turret  
  172  11:37  Supply Depot  
  172  11:45  Viking, Supply Depot  
  174  11:50  Starport  
  174  11:57  Viking  
  174  11:58  Viking  
  178  12:14  Viking  
  180  12:18  Armory  
  180  12:26  Fusion Core  
  180  12:27  Viking  
  180  12:28  Viking  
  184  12:35  Viking  
  177  12:39  Liberator  
  147  12:44  Viking  
  147  12:48  Liberator, Hellbat  
  147  12:49  Hellbat x3  
  157  12:52  Siege Tank  
  157  12:56  Siege Tank  
  157  12:58  Viking  
  165  13:20  Siege Tank  
  165  13:22  Hellbat x3  
  165  13:24  Siege Tank, Hellbat  
  177  13:28  Siege Tank  
  173  13:46  Starport Tech Lab, Terran Vehicle Weapons Level 3, Terran Ship Weapons Level 1  
  156  14:09  Starport  
  156  14:23  Missile Turret  
  156  14:27  Sensor Tower  
  156  14:28  Missile Turret  
  156  14:29  Refinery  
  156  14:30  Viking x3  
  160  14:31  Missile Turret  
  160  14:32  Refinery, Advanced Ballistics  
  160  14:35  Factory Reactor  
  156  14:57  Viking  
  140  15:00  Viking  
  140  15:01  Viking  
  140  15:02  Viking  
  118  15:30  Thor  
  118  15:34  Orbital Command  
  115  15:55  Missile Turret  
  115  15:59  Viking x4  
  123  16:10  Planetary Fortress  
  119  16:16  Missile Turret  
  119  16:25  Missile Turret  
  119  16:29  Viking x4  
  127  16:36  Command Center  
Show
View Real Time Build Order
Export as new Build Order

INnoVation Terran - Winner!

Build Orders: 1/1/1, Bio Tank, Banshee Rush 

Get SALT Encoding   

  12  0:00  SCV  
  13  0:12  SCV  
  14  0:17  Supply Depot  
  14  0:24  SCV  
  14  0:27  Refinery  
  15  0:38  SCV  
  16  0:44  Barracks  
  16  0:50  SCV  
  16  0:56  Refinery  
  17  1:02  SCV  
  18  1:15  SCV  
  19  1:31  Orbital Command, Reaper  
  20  1:35  Factory  
  20  1:44  Supply Depot  
  20  1:57  SCV  
  21  2:03  Marine  
  22  2:09  SCV  
  23  2:18  Starport, Factory Tech Lab  
  23  2:21  Marine, SCV  
  25  2:24  Supply Depot  
  25  2:33  SCV  
  26  2:39  Marine  
  26  2:44  Widow Mine  
  27  2:45  SCV  
  27  2:47  Supply Depot  
  30  2:57  SCV  
  31  3:01  Banshee, Cloaking Field  
  31  3:05  Marine  
  34  3:09  SCV  
  36  3:15  Factory Reactor  
  36  3:21  SCV  
  36  3:23  Marine  
  38  3:34  Command Center  
  38  3:39  SCV  
  39  3:45  Banshee  
  42  3:51  SCV  
  42  3:55  Marine x2  
  45  3:59  Supply Depot  
  45  4:00  Factory Tech Lab  
  45  4:03  SCV  
  46  4:15  SCV  
  46  4:16  Marine  
  47  4:20  Marine  
  48  4:28  Raven  
  50  4:36  SCV  
  51  4:44  Siege Tank, Command Center  
  51  4:48  SCV  
  51  4:51  Orbital Command  
  49  5:02  SCV  
  50  5:16  Siege Tank  
  50  5:17  Viking x2  
  50  5:18  SCV x2  
  50  5:21  Refinery  
  59  5:23  Refinery  
  59  5:26  Stimpack  
  59  5:30  SCV x2  
  59  5:31  Marine  
  62  5:42  Supply Depot, SCV x2  
  64  5:50  Viking x2  
  64  5:54  SCV x2  
  64  5:56  Marine  
  71  5:57  Orbital Command  
  71  6:04  Siege Tank  
  71  6:06  SCV x2  
  76  6:11  Barracks  
  76  6:15  Barracks  
  76  6:17  Marine  
  76  6:21  SCV x2  
  78  6:31  Viking x2  
  78  6:33  SCV  
  78  6:34  SCV  
  78  6:35  Marine  
  67  6:48  Cyclone  
  67  6:53  Marine, SCV x2  
  73  7:00  Engineering Bay x2  
  73  7:02  Viking x2  
  73  7:04  Barracks Reactor x2  
  77  7:15  Marine  
  76  7:21  Siege Tank, SCV  
  76  7:22  SCV  
  79  7:33  Marine  
  79  7:35  Barracks x2  
  72  7:40  Marine x2  
  72  7:41  SCV x2, Marine x2  
  72  7:45  Combat Shields  
  72  7:47  Terran Infantry Armor Level 1  
  72  7:48  Terran Infantry Weapons Level 1  
  72  7:51  Orbital Command  
  72  7:55  Siege Tank  
  75  7:59  SCV  
  75  8:01  Marine  
  75  8:02  Marine x2  
  75  8:03  Marine  
  75  8:04  Marine  
  81  8:07  SCV  
  81  8:11  SCV  
  83  8:16  Supply Depot  
  83  8:17  Supply Depot  
  83  8:20  Medivac x2  
  83  8:24  SCV x3  
  90  8:28  Siege Tank  
  90  8:30  Barracks Reactor x2  
  93  8:37  Marine x5  
  93  8:39  Refinery  
  93  8:40  Refinery  
  98  8:43  Supply Depot  
  98  8:46  Supply Depot  
  98  8:48  Armory  
  98  8:49  SCV x3  
  98  8:55  Marine x5  
  104  9:00  Medivac x2  
  104  9:01  SCV  
  109  9:05  Supply Depot, SCV x2  
  109  9:07  Siege Tank  
  109  9:08  Supply Depot  
  114  9:13  Marine  
  114  9:14  Marine x7  
  122  9:18  Supply Depot  
  122  9:23  Factory  
  122  9:30  Marine  
  124  9:31  Medivac x2, Supply Depot  
  124  9:32  Marine x2  
  124  9:34  Marine x2  
  134  9:41  Siege Tank  
  136  9:49  Marauder, Marine  
  136  9:50  Starport, Marine  
  136  9:52  Barracks Tech Lab, Marine x2  
  139  9:53  Terran Infantry Weapons Level 2  
  139  9:54  Barracks Tech Lab  
  139  10:01  Command Center  
  137  10:07  Viking x2, Marine x2  
  137  10:10  Marine  
  137  10:13  Terran Infantry Armor Level 2  
  144  10:16  Supply Depot  
  144  10:20  Marauder x3  
  150  10:22  Marine  
  150  10:25  Marine x2  
  150  10:27  Marine  
  154  10:29  Viking x2  
  157  10:37  Terran Ship Weapons Level 1  
  157  10:41  Supply Depot  
  157  10:42  Factory Tech Lab  
  157  10:43  SCV x3  
  157  10:49  Viking x2  
  163  10:57  Marauder  
  163  11:01  Missile Turret  
  163  11:03  Marauder x2  
  169  11:04  Liberator  
  169  11:06  Supply Depot  
  169  11:07  Viking x2  
  169  11:08  Supply Depot  
  169  11:09  Liberator  
  173  11:13  Planetary Fortress  
  173  11:16  Refinery  
  173  11:17  Refinery  
  179  11:37  Marauder x3  
  184  11:42  Viking x2  
  188  11:47  Liberator  
  188  11:53  Missile Turret  
  187  11:55  Missile Turret  
  187  11:57  Marine  
  187  11:58  Marine x3  
  191  12:03  Marauder x3  
  200  12:18  Command Center  
  200  12:20  Concussive Shells  
  200  12:27  Command Center  
  200  12:36  Viking  
  200  12:40  Viking x2  
  182  12:49  Siege Tank x2  
  182  12:50  Viking  
  187  13:05  Terran Ship Weapons Level 2  
  187  13:06  Viking  
  187  13:07  Liberator  
  184  13:13  SCV  
  184  13:14  SCV x2  
  184  13:18  Liberator  
  166  13:21  Siege Tank x2  
  166  13:23  Viking x2  
  178  13:29  SCV  
  178  13:30  SCV  
  180  13:38  Terran Infantry Weapons Level 3, Terran Infantry Armor Level 3  
  183  13:46  Planetary Fortress  
  180  13:49  Refinery  
  180  13:51  Refinery  
  175  14:00  Viking x2  
  166  14:11  Starport  
  166  14:12  Starport  
  166  14:14  Viking  
  166  14:17  Orbital Command  
  168  14:22  SCV x2  
  168  14:37  SCV x2  
  170  14:40  Liberator x2  
  170  14:42  Command Center  
  170  14:44  Liberator  
  170  14:45  SCV  
  165  14:49  SCV  
  154  15:09  Medivac x2  
  154  15:12  Medivac  
  159  15:14  SCV  
  159  15:16  SCV  
  160  15:21  SCV  
  160  15:26  SCV  
  161  15:30  Liberator x4  
  161  15:34  SCV x2  
  163  15:38  SCV  
  163  15:39  Medivac x2  
  167  15:46  SCV x2  
  174  15:50  SCV  
  174  15:53  Viking  
  172  15:58  Refinery  
  172  15:59  Refinery  
  172  16:01  SCV x2  
  172  16:03  Orbital Command  
  174  16:08  Viking, SCV  
  174  16:09  SCV  
  178  16:18  Viking  
  180  16:20  SCV  
  180  16:21  SCV x4  
  180  16:23  Viking  
  187  16:27  Missile Turret x2  
  187  16:28  Marauder x2  
  187  16:30  Viking x2  
  187  16:32  Marauder  
  197  16:34  SCV  
Tags
 
Add a new tag
Caveats
  • Supply blocks, unpowered buildings, or Contaminate may cause inaccurate times.
  • Supply counts are checked every 10 seconds.